 Dungeon Crawl Stone Soup version 0.17.0-24-gcfadda4 (webtiles) character file.

1618 Ordine the Slicer (level 9, 0/51 HPs)
             Began as a Kobold Chaos Knight on Nov 15, 2015.
             Engulfed by a cloud of flame (9 damage)
             ... on level 6 of the Dungeon.
             The game lasted 00:19:22 (5181 turns).

Ordine the Slicer (Kobold Chaos Knight)             Turns: 5181, Time: 00:19:23

Health: 0/51       AC:  7    Str: 11    XL:     9   Next: 17%
Magic:  18/18      EV: 15    Int: 18    God:    Xom [*.....]
Gold:   268        SH:  9    Dex: 20    Spells: 0 memorised, 8 levels left

rFire  . . .     SeeInvis .     p - +2 dagger (speed)
rCold  + . .     Clarity  +     b - +2 leather armour
rNeg   . . .     SustAt   .     y - +2 buckler "Forit" {Int+5 Dex+3}
rPois  .         Gourm    .     d - +0 helmet
rElec  .         Spirit   .     (no cloak)
rCorr  .         Warding  .     (no gloves)
rMut   .         Stasis   .     (no boots)
MR     .....                    n - amulet of regeneration
Stlth  ++++......               s - ring of magical power
                                g - +1 ring of protection

@: not resistant to hostile enchantments, stealthy
A: agile 1, carnivore 3, clarity, cold resistance 1, wild magic 1
a: Renounce Religion


You were on level 6 of the Dungeon.
You worshipped Xom.
You were a special plaything of Xom.
You were very full.

You visited 1 branch of the dungeon, and saw 6 of its levels.

You collected 268 gold pieces.

Inventory:

Hand Weapons
 a - a +1 short sword of chaos
 p - a +2 dagger of speed (weapon)
Armour
 b - a +2 leather armour (worn)
 d - a +0 helmet (worn)
 e - a +2 robe of the Archmagi
 f - the +2 cloak of Incorporation {rF+ rCorr Slay-2}
   (You found it on level 4 of the Dungeon)

   It affects your accuracy and damage with ranged weapons and melee attacks
   (-2).
   It protects you from fire.
   It protects you from acid and corrosion.
 y - the +2 buckler "Forit" (worn) {Int+5 Dex+3}
   (You found it on level 5 of the Dungeon)

   It affects your intelligence (+5).
   It affects your dexterity (+3).
Jewellery
 g - a +1 ring of protection (left hand)
 n - an amulet of regeneration (around neck)
 s - a ring of magical power (right hand)
Scrolls
 h - a scroll of magic mapping
 j - 4 scrolls of fog
Potions
 i - a potion of cure mutation
 l - 2 potions of brilliance {unknown}
 m - a potion of mutation {unknown}
 o - a potion of lignification {unknown}
 t - a potion of degeneration {unknown}
 u - 3 potions of invisibility {unknown}
 w - a potion of might
 x - a potion of poison {unknown}
Comestibles
 c - 2 meat rations
 q - 2 beef jerkies
 r - a slice of pizza


   Skills:
 - Level 3.2 Fighting
 - Level 11.0 Short Blades
 - Level 0.7 Armour
 - Level 2.4 Dodging
 - Level 8.0 Stealth
 + Level 3.8 Shields


You had 8 spell levels left.
You didn't know any spells.

Dungeon Overview and Level Annotations

Branches:
Dungeon (6/15)
 Temple: D:4-7

Altars:
Fedhas
Kikubaaqudgha
Okawaru
Ru
Trog
Yredelemnul
Zin


Innate Abilities, Weirdness & Mutations

You are small and have problems with some larger weapons.
You are carnivorous and can eat meat at any time.
You are agile. (Dex +2)
You possess an exceptional clarity of mind.
Your flesh is cold resistant.
Your spells are a little harder to cast, but a little more powerful.


Message History

The giant newt explodes!
The fiery explosion engulfs you!
A shower of butterflies erupts from you!
The fiery explosion engulfs the white imp.
The white imp is burned terribly!
You kill the white imp!
The fiery explosion engulfs the giant frog zombie.
The giant frog zombie explodes!
The fiery explosion engulfs you!
* * * LOW HITPOINT WARNING * * *
The fiery explosion engulfs the quasit.
The quasit resists.
You kill the quasit!
The fiery explosion engulfs the ufetubus.
The ufetubus is burned terribly!
You kill the ufetubus!
The fiery explosion engulfs your butterfly.
You kill your butterfly!
You are engulfed in roaring flames.
You die... "What!?
That's it?"

## .## ##. ...#####..
..$./....# ...§.....#
.!...b...## ####
.....4.§§§#####...
#######@§§..#..)#
#######..§.$..#
#######§§§...##
######......##
######.%#.).##
######.(#....##
###o.######........##
##.<#######.........##
...#########......#..#


You could see an orange demon.

Vanquished Creatures
  Pikel (D:4)
  Edmund (D:4)
  A slave (D:3)
  A sky beast (D:5)
  2 ogres (D:4)
  3 giant frogs
  A scorpion (D:5)
  A killer bee (D:4)
  2 hounds
  A giant frog zombie (D:6)
  2 orc wizards (D:5)
  An iguana (D:6)
  A jelly (D:6)
  A centaur skeleton (D:4)
  A giant frog skeleton (D:6)
  2 worker ants (D:4)
  9 adders
  2 oozes
  2 adder skeletons (D:4)
  A worm (D:3)
  3 giant geckos
  11 orcs
  4 goblins
  11 hobgoblins
  7 jackals
  2 quokkas
  7 bats
  5 giant cockroaches
  10 giant newts
  A giant newt (shapeshifter) (D:1)
  A jackal skeleton (D:4)
  8 kobolds
  A quokka skeleton (D:4)
  8 rats
115 creatures vanquished.

Vanquished Creatures (others)
  An adder skeleton (D:4)
1 creature vanquished.

Grand Total: 116 creatures vanquished

Notes
Turn   | Place    | Note
--------------------------------------------------------------
     0 | D:1      | Ordine the Kobold Chaos Knight began the quest for the Orb.
     0 | D:1      | Reached XP level 1. HP: 14/14 MP: 1/1
   106 | D:1      | XOM: potion effect (haste)
   172 | D:1      | XOM: harmless Divn miscast
   195 | D:1      | Reached skill level 1 in Stealth
   195 | D:1      | Reached XP level 2. HP: 19/19 MP: 2/2
   443 | D:1      | Reached XP level 3. HP: 20/23 MP: 3/3
   553 | D:1      | Reached skill level 5 in Short Blades
  1073 | D:2      | XOM: divination: detect items
  1106 | D:2      | Found a blossoming altar of Fedhas.
  1109 | D:2      | Found an ancient bone altar of Kikubaaqudgha.
  1217 | D:2      | Found a glowing silver altar of Zin.
  1268 | D:2      | Reached XP level 4. HP: 28/28 MP: 4/4
  1507 | D:2      | Found an iron altar of Okawaru.
  1507 | D:2      | Found a sacrificial altar of Ru.
  1644 | D:3      | Found a basalt altar of Yredelemnul.
  1747 | D:3      | Noticed a giant frog
  1753 | D:3      | XOM: give mutations
  1753 | D:3      | Gained mutation: You possess an exceptional clarity of mind. [Xom's grace]
  1753 | D:3      | Gained mutation: Your spells are a little harder to cast, but a little more powerful. [Xom's grace]
  1753 | D:3      | Gained mutation: You are agile. (Dex +2) [Xom's grace]
  1760 | D:3      | Killed a giant frog
  1760 | D:3      | Reached skill level 6 in Short Blades
  1760 | D:3      | Reached XP level 5. HP: 28/32 MP: 5/5
  2174 | D:3      | XOM: give mutation
  2174 | D:3      | Gained mutation: Your flesh is cold resistant. [Xom's grace]
  2460 | D:3      | XOM: vitrification
  2736 | D:4      | Noticed Pikel
  2736 | D:4      | Noticed a slave
  2736 | D:4      | Noticed a slave
  2736 | D:4      | Noticed a slave
  2736 | D:4      | Noticed a slave
  2739 | D:4      | Noticed an ogre
  2752 | D:3      | Killed a slave
  2766 | D:3      | XOM: vitrification
  2768 | D:3      | XOM: divination: detect creatures
  2844 | D:4      | Noticed Sigmund
  2849 | D:4      | Reached XP level 6. HP: 28/37 MP: 6/6
  2850 | D:4      | Noticed Edmund
  2958 | D:4      | Reached skill level 7 in Short Blades
  2966 | D:4      | XOM: smoke on damage
  2970 | D:4      | XOM: swap monsters
  2974 | D:4      | Killed Edmund
  2974 | D:4      | Reached skill level 5 in Stealth
  3012 | D:4      | Got a pitted cloak
  3018 | D:4      | Identified the +2 cloak of Incorporation {rF+ rCorr Slay-2} (You found it on level 4 of the Dungeon)
  3021 | D:4      | XOM: vitrification
  3080 | D:4      | Noticed an ogre
  3093 | D:4      | Noticed Sigmund
  3093 | D:4      | Sigmund changed into Sigmund the killer bee
  3093 | D:4      | XOM: polymorph Sigmund -> Sigmund the killer bee
  3095 | D:4      | Killed Sigmund the killer bee
  3095 | D:4      | Reached skill level 8 in Short Blades
  3095 | D:4      | Reached XP level 7. HP: 14/41 MP: 7/7
  3296 | D:4      | XOM: confuse monster(s)
  3338 | D:4      | XOM: destruction
  3341 | D:4      | XOM: enchant monster (good)
  3362 | D:4      | Killed an ogre
  3397 | D:4      | XOM: enchant monster (good)
  3399 | D:4      | XOM: noise
  3406 | D:4      | Killed Pikel
  3406 | D:4      | Reached skill level 10 in Short Blades
  3406 | D:4      | Reached XP level 8. HP: 31/46 MP: 8/8
  3629 | D:4      | Found a bloodstained altar of Trog.
  3751 | D:4      | Killed an ogre
  3835 | D:4      | XOM: mild Fire miscast
  4032 | D:5      | Entered Level 5 of the Dungeon
  4081 | D:5      | XOM: potion effect (agility)
  4089 | D:5      | Reached skill level 11 in Short Blades
  4133 | D:5      | XOM: summons 1 hostile demon
  4345 | D:5      | XOM: 1-stop teleportation journey
  4421 | D:5      | Got a translucent buckler
  4427 | D:5      | Identified the +2 buckler "Forit" {Int+5 Dex+3} (You found it on level 5 of the Dungeon)
  4457 | D:5      | XOM: blink monster(s)
  4462 | D:5      | XOM: harmless Chrm miscast
  4468 | D:5      | Reached skill level 1 in Shields
  4872 | D:5      | XOM: potion effect (might)
  4916 | D:6      | XOM: 1-stop teleportation journey
  4921 | D:6      | XOM: harmless Fire miscast
  4924 | D:6      | Reached XP level 9. HP: 51/51 MP: 9/9
  5078 | D:6      | XOM: vitrification
  5177 | D:6      | XOM: blink monster(s)
  5178 | D:6      | XOM: summons 4 hostile demons
  5179 | D:6      | Noticed an orange demon
  5181 | D:6      | XOM: butterfly on damage
  5181 | D:6      | Engulfed by a cloud of flame

Action                   |  1- 3 |  4- 6 |  7- 9 || total
-------------------------+-------+-------+-------++-------
Melee: Short sword       |   111 |   142 |   158 ||   411
       Dagger            |       |       |    77 ||    77
  Use: Scroll            |     5 |     5 |     7 ||    17
       Potion            |     1 |     4 |     2 ||     7
 Stab: Sleeping          |     4 |    13 |     5 ||    22
       Petrifying        |       |     2 |     1 ||     3
       Distracted        |       |     1 |       ||     1
  Eat: Chunk             |     9 |     7 |     7 ||    23
